 Dungeon Crawl Stone Soup version 0.31-a0-963-ga325b2283a (webtiles) character file.

Game seed: 2187263615641554795

2814 night the Grappler (level 9, -1/64 HPs)
             Began as a Demonspawn Shapeshifter on Oct 24, 2023.
             Was a Follower of Okawaru.
             Succumbed to a hornet's poison
             ... on level 7 of the Dungeon.
             The game lasted 00:13:14 (6252 turns).

night the Grappler (Demonspawn Shapeshifter)        Turns: 6252, Time: 00:13:14

Health: -1/64      AC: 11    Str: 19    XL:     9   Next: 44%
Magic:  9/9        EV: 11    Int: 11    God:    Okawaru [*.....]
Gold:   404        SH:  0    Dex: 19    Spells: 8/8 levels left

rFire   + .          .
                       - Unarmed
rCold   . . .        (shield currently unavailable)
rNeg    . . .        n - +2 ring mail {rF+}
rPois   .            p - +0 helmet
rElec   .            u - +0 cloak
rCorr   +            (no gloves)
SInv    .            (no boots)
Will    .....        (no amulet)
Stlth   +            A - +6 ring of dexterity
HPRegen 0.30/turn    H - ring of resist corrosion
MPRegen 0.11/turn

%: no passive effects
@: lethally poisoned (-1 -> -2), flux-form, slowed, glowing, very slow
A: glow, contaminating, reduced hp, hooves 1, molten scales 1, powered by death
1, demonic magic 1
a: Begin Untransformation, Renounce Religion, Heroism


You were on level 7 of the Dungeon.
You worshipped Okawaru.
Okawaru was aware of your devotion.
You were something dangerously unstable.
You visited 2 branches of the dungeon, and saw 8 of its levels.

You collected 404 gold pieces.

Inventory:

Hand Weapons
 b - a +1 sling of flaming
Missiles
 e - 61 stones
 i - 2 poisoned darts
 y - 6 atropa-tipped darts
 F - 2 boomerangs
 J - a throwing net
Armour
 n - a +2 ring mail of fire resistance (worn)
 p - a +0 helmet (worn)
 u - a +0 cloak (worn)
Jewellery
 A - a +6 ring of dexterity (left hand)
 H - a ring of resist corrosion (right hand)
Talismans
 c - a beast talisman
 d - a flux talisman (active)
Wands
 G - a wand of flame (20)
Scrolls
 a - 2 scrolls of teleportation
 g - 4 scrolls of amnesia
 h - a scroll of noise
 j - 3 scrolls of immolation
 l - 2 scrolls of revelation
 o - 4 scrolls of enchant armour
 q - a scroll of poison
 x - 2 scrolls of butterflies
 B - a scroll of blinking {unknown}
 C - 2 scrolls of enchant weapon
 E - a scroll of fear {unknown}
Potions
 f - a potion of attraction
 k - a potion of lignification
 r - a potion of magic
 s - a potion of enlightenment {unknown}
 v - a potion of cancellation
 w - a potion of might {unknown}
 z - a potion of berserk rage {unknown}
 D - 3 potions of resistance
 I - a potion of degeneration {unknown}


   Skills:
 + Level 6.5 Fighting
 - Level 1.7 Dodging
 * Level 9.0 Unarmed Combat
 + Level 6.1 Shapeshifting


You had 8 spell levels left.
You didn't know any spells.
Your spell library contained the following spells:

 Spells                   Type           Power      Damage    Failure   Level
 Magic Dart               Conj           0%         1d3       52%         1
 Slow                     Hex            0%         N/A       52%         1
 Confusing Touch          Hex            0%         N/A       88%         3
 Dazzling Flash           Conj/Hex       0%         N/A       88%         3
 Mephitic Cloud           Conj/Pois/Air  0%         N/A       88%         3
 Sigil of Binding         Hex            0%         N/A       88%         3
 Vampiric Draining        Necr           0%         2d6       88%         3
 Agony                    Necr           0%         N/A       100%        5
 Silence                  Hex/Air        0%         N/A       100%        5
 Call Imp                 Summ           Unusable   N/A       N/A         2

Dungeon Overview and Level Annotations

Branches:
Dungeon (7/15)             Temple (1/1) D:5

Altars:
Cheibriados
Dithmenos
Fedhas
Gozag
Makhleb
Okawaru
Ru
Trog
Uskayaw
Vehumet
Wu Jian
Xom
Yredelemnul

Shops:
D:6 [

Annotations:
D:4 2 transporters, exclusion: statue


Innate Abilities, Weirdness & Mutations

You are something dangerously unstable.
You glow with magical radiation, making you easy to see and hit.
Foes you strike become dangerously contaminated with magical radiation.
Your maximum health is decreased, since you lack skill for your form.
You are incapable of wielding weapons or throwing items.
You have large cloven feet.
You are partially covered in molten scales. (AC +2)
You regenerate a little health from kills.
Spells you cast may paralyse adjacent enemies.


Message History

You closely miss the hornet.
The hornet is heavily wounded.
The hornet stings you but does no damage.
The hornet stings you.
* * * LOW HITPOINT WARNING * * *
You are lethally poisoned!
You feel as though you will be slow longer.
You feel better.
The hornet stings you but does no damage. x3
You closely miss the hornet. You kick the hornet.
The hornet is heavily wounded.
The hornet stings you but does no damage.
The hornet closely misses you.
You punch the hornet!
The hornet glows dangerously bright.
Your kick misses the hornet.
The hornet is almost dead.
The hornet stings you.
* * * LOW HITPOINT WARNING * * *
You are poisoned.
You feel as though you will be slow longer.
The hornet stings you.
* * * LOW HITPOINT WARNING * * *
You are lethally poisoned!
You feel as though you will be slow longer.
You punch the hornet!
You kill the hornet!
Okawaru accepts your kill.
* * * LOW HITPOINT WARNING * * *
You feel very sick.
Your Unarmed Combat skill increases to level 9!
Okay, then.
* * * LOW HITPOINT WARNING * * *
You feel very sick.
* * * LOW HITPOINT WARNING * * *
You feel sick.
* * * LOW HITPOINT WARNING * * *
You feel sick.
* * * LOW HITPOINT WARNING * * *
You feel sick.
You die...

##.##. ##.#.####
......##.#.....#
.#..
.[.........##..#
...
...#####.#####'##
$.# ##.###...##
..< ###.....##
#.#
##.8...8.###.#
##.#.....#.##†#
#...8...8...#p#
+...........'.#
#...8...8...###
##.#.)...#.##
##.8...8.##
##.....## ##...##
###†## #...#


There were no monsters in sight!

Vanquished Creatures
  A two-headed ogre (D:4)
  A hornet (D:7)
  Grinder (D:4)
  Sigmund (D:6)
  A wyvern (D:5)
  A water moccasin (D:6)
  An ice beast (D:6)
  A sky beast (D:6)
  Pargi (D:3)
  2 black bears
  A phantom (D:5)
  5 scorpions
  A bullfrog (D:7)
  A jelly (D:4)
  2 hounds (D:5)
  2 iguanas
  A gnoll bouda (D:6)
  Jessica (D:3)
  Terence (D:2)
  2 sleepcaps
  7 gnolls
  11 adders
  A shadow imp (D:5)
  2 white imps (D:6)
  2 ufetubi (D:7)
  4 worms
  4 dart slugs
  6 orcs
  6 ball pythons
  4 endoplasms
  A giant cockroach (D:4)
  12 goblins
  13 hobgoblins
  4 jackals (D:5)
  4 kobolds
  6 quokkas
  4 bats
  A frilled lizard (D:2)
  4 rats
124 creatures vanquished.

Notes
Turn   | Place    | Note
-------+----------+-------------------------------------------
     0 | D:1      | night the Demonspawn Shapeshifter began the quest for the
                  | Orb.
     0 | D:1      | Reached XP level 1. HP: 15/15 MP: 1/1
   442 | D:1      | Reached skill level 3 in Unarmed Combat
   453 | D:1      | Gained mutation: Spells you cast may paralyse adjacent
                  | enemies. [demonic ancestry]
   453 | D:1      | Reached XP level 2. HP: 20/21 MP: 2/2
   923 | D:2      | Found a faded altar of an unknown god.
   949 | D:2      | Identified the +8 mace of Karma {antimagic, Int+5}
  1281 | D:2      | Gained mutation: You are partially covered in molten
                  | scales. (AC +2) [demonic ancestry]
  1281 | D:2      | Reached XP level 3. HP: 15/27 MP: 3/3
  1953 | D:2      | Noticed Terence
  1968 | D:2      | Killed Terence
  1969 | D:2      | Reached skill level 2 in Fighting
  1969 | D:2      | Reached XP level 4. HP: 29/33 MP: 4/4
  2374 | D:3      | Reached skill level 4 in Unarmed Combat
  2438 | D:3      | Noticed Pargi
  2450 | D:3      | Killed Pargi
  2451 | D:3      | Reached XP level 5. HP: 40/40 MP: 5/5
  2639 | D:3      | Noticed Jessica
  2644 | D:3      | Killed Jessica
  2682 | D:3      | Found an iron altar of Okawaru.
  2841 | D:3      | Gained mutation: You have large cloven feet. [demonic
                  | ancestry]
  2841 | D:3      | Reached XP level 6. HP: 47/47 MP: 6/6
  2960 | D:4      | Noticed Grinder
  2979 | D:4      | Killed Grinder
  2980 | D:4      | Reached skill level 5 in Unarmed Combat
  3079 | D:4      | Reached XP level 7. HP: 53/53 MP: 7/7
  3286 | D:4      | Reached skill level 6 in Unarmed Combat
  3453 | D:4      | Found a basalt altar of Yredelemnul.
  3453 | D:4      | Noticed a steam dragon
  3454 | D:4      | Found a transporter.
  3462 | D:4      | Found a transporter.
  3677 | D:4      | Found a radiant altar of Vehumet.
  3824 | D:4      | Noticed a two-headed ogre
  3840 | D:4      | Killed a two-headed ogre
  3841 | D:4      | Reached skill level 5 in Fighting
  3841 | D:4      | Reached skill level 7 in Unarmed Combat
  3841 | D:4      | Reached skill level 5 in Shapeshifting
  3841 | D:4      | Reached XP level 8. HP: 45/62 MP: 8/8
  3937 | D:5      | Entered Level 5 of the Dungeon
  4358 | D:5      | Found a staircase to the Ecumenical Temple.
  4389 | Temple   | Entered the Ecumenical Temple
  4494 | D:3      | Became a worshipper of Warmaster Okawaru
  4930 | D:5      | Found a blossoming altar of Fedhas.
  5116 | D:5      | Reached skill level 8 in Unarmed Combat
  5331 | D:6      | Found Yhorigit's Armour Boutique.
  5348 | D:6      | Gained mutation: You regenerate a little health from kills.
                  | [demonic ancestry]
  5348 | D:6      | Reached XP level 9. HP: 56/69 MP: 9/9
  5448 | D:6      | Noticed Sigmund
  5477 | D:6      | Killed Sigmund
  5477 | D:6      | Reached * piety under Okawaru
  6228 | D:7      | Paralysed by a hornet for 3 turns
  6233 | D:7      | Paralysed by a hornet for 2 turns
  6237 | D:7      | HP: 7/63 [hornet (9)]
  6243 | D:7      | HP: 1/63 [hornet (4)]
  6248 | D:7      | Reached skill level 9 in Unarmed Combat
  6248 | D:7      | HP: 5/64 [poisoned by a hornet]
  6250 | D:7      | HP: 2/64 [poisoned by a hornet]
  6252 | D:7      | Succumbed to a hornet's poison

Illustrated notes

Levels and vault maps discovered:
D:1:      nicolae_arrival_somewhat_less_tricky_arrival, layout_basic,
          nicolae_kite_square_tiling_tiny, nicolae_figureground_pulse
D:2:      layout_loops_corners, ebering_ecumenical_altar_mist,
          serial_co_window_serial, co_window_corner_a,
          co_window_of_opportunity_a, co_window_paths_a, co_window_paths_a,
          co_window_paths_b, co_window_broadway_b, co_window_cross_2,
          co_window_paths_c, co_window_4corner_b, chequers_jeans,
          guppyfry_early_lair_pool, uniq_terence
D:3:      minmay_spotlight, layout_rooms, mainiacjoe_overflow_small_starburst,
          nicolae_half_adder, uniq_jessica, uniq_pargi
D:4:      layout_loops_cross, gammafunk_temple_overflow_arena, vehumet_statue,
          eino_curves_03, minmay_ruined_shrine, uniq_grinder
D:5:      layout_layer_cave, fedhas_altar_1, minmay_temple_entry_wispy,
          nrook_pool_corridor
D:6:      layout_basic, serial_shops, shop, nicolae_the_louvre, uniq_sigmund
D:7:      cheibrodos_quashed, layout_loops_cross,
          nicolae_qazlal_style_of_elements, nicolae_inconvenience_store,
          dk_noncrumbling_3, uniq_duvessa
Temple:   minmay_temple_curvy_loop

Skill      XL: |  1  2  3  4  5  6  7  8  9 |
---------------+----------------------------+-----
Unarmed Combat | 3 4 5 7 8 9 |  9.0
Shapeshifting  | 3 4 5 6 |  6.1
Fighting       | 2 3 5 6 |  6.5
Dodging        | |  1.7

Action                     |  1- 3 |  4- 6 |  7- 9 || total
---------------------------+-------+-------+-------++-------
  Melee: Unarmed           |   119 |    93 |   259 ||   471
         Punch             |     2 |       |     1 ||     3
         Kick              |       |     6 |   104 ||   110
   Fire: Sling             |     5 |    18 |       ||    23
Ability: Begin Untransform |     1 |       |     1 ||     2
  Evoke: Wand              |       |       |     1 ||     1
    Use: Potion            |     3 |     2 |     7 ||    12
         Scroll            |       |       |    10 ||    10
 Armour: Ring mail         |    63 |    52 |   195 ||   310
         Animal skin       |     1 |       |       ||     1
         Skin              |       |    24 |       ||    24
  Dodge: Dodged            |    48 |    42 |   140 ||   230
   Form: Beast             |     1 |       |       ||     1
         Flux              |       |       |     1 ||     1

Table legend: (Time is in decaauts)
 A = Elapsed time spent in this place.
 B = Non-inter-level travel time spent in this place.
 C = Inter-level travel time spent in this place.
 D = Time resting spent in this place.
 E = Time spent auto-exploring this place.
 F = Levels seen in this place.
 G = Mean time per level.
                   A        B        C        D        E       F      G
               +--------+--------+--------+--------+--------+-----+--------+
         Total |   6216 |   5911 |    305 |    122 |   4736 |   8 |  777.0 |
       Dungeon |   6214 |   5910 |    304 |    122 |   4736 |   7 |  887.7 |
        Temple |      1 |      0 |      1 |      0 |      0 |   1 |    1.0 |
               +--------+--------+--------+--------+--------+-----+--------+

Top non-repeatable levels by time:
     D:2: 1388 daAuts
     D:5: 1228 daAuts
     D:4: 1056 daAuts
     D:1: 865 daAuts
     D:6: 850 daAuts
     D:3: 701 daAuts
     D:7: 125 daAuts
  Temple: 1 daAuts
